 Dungeon Crawl Stone Soup version 0.16.1-11-g651b585 (webtiles) character file.

0 Magnus the Skirmisher (level 1, 0/14 HPs)
             Began as a Gargoyle Fighter on Mar 31, 2015.
             Slain by a jackal (2 damage)
             ... on level 1 of the Dungeon.
             The game lasted 00:01:03 (94 turns).

Magnus the Skirmisher (Gargoyle Fighter)              Turns: 94, Time: 00:01:03

Health: 0/14       AC:  9    Str: 19    XL:     1   Next: 10%
Magic:  1/1        EV:  7    Int:  8    God:
Gold:   0          SH:  9    Dex:  9    Spells: 0 memorised, 0 levels left

rFire  . . .     SeeInvis .     a - +0 war axe
rCold  . . .     Clarity  .     b - +0 scale mail
rNeg   + . .     SustAb   .     c - +0 shield
rPois  ∞         Gourm    .     (no helmet)
rElec  +         Spirit   .     (no cloak)
rCorr  .         Warding  .     (no gloves)
rMut   .         Stasis   .     (no boots)
MR     .....                    (no amulet)
Stlth  ..........               (no ring)
                                (no ring)

@: not resistant to hostile enchantments, extremely unstealthy
A: negative energy resistance 1, electricity resistance, unbreathing,
petrification resistance, rot immunity, AC +2
a: no special abilities


You were on level 1 of the Dungeon.
You were not hungry.

You visited 1 branch of the dungeon, and saw 1 of its levels.

Inventory:

Hand weapons
 a - a +0 war axe (weapon)
Armour
 b - a +0 scale mail (worn)
 c - a +0 shield (worn)
Potions
 e - a potion of might
Comestibles
 d - a bread ration


   Skills:
 + Level 3.3 Fighting
 + Level 1.7 Axes
 + Level 3.2 Armour
 + Level 3.2 Shields


You couldn't memorise any spells.
You didn't know any spells.

Dungeon Overview and Level Annotations

Branches:
Dungeon (1/15)

Altars:


Innate Abilities, Weirdness & Mutations

You are resistant to torment.
You are immune to poison.
Your stone body is very resilient (AC +2).
You resist negative energy.
You are resistant to electric shocks.
You can survive without breathing.
You are immune to petrification.
You are immune to rotting.


Message History

The jackal bites you but does no damage. x2
The jackal bites you but does no damage.
You block the jackal's attack. The jackal barely misses you.
You block the jackal's attack. x2
The jackal bites you but does no damage.
You block the jackal's attack. x2
The jackal bites you but does no damage.
The jackal barely misses you. x2
You block the jackal's attack. The jackal misses you.
The jackal closely misses you.
The jackal bites you but does no damage. x3
The jackal bites you but does no damage.
You block the jackal's attack.
The jackal bites you but does no damage. x2
The jackal barely misses you. x2
The jackal closely misses you. The jackal bites you.
* * * LOW HITPOINT WARNING * * *
The jackal bites you but does no damage.
The jackal bites you.
You die...

#####.#.....#
#...#.#†≈≈≈.#
#...#'#.≈≈≈†#.
#.<..'#†≈≈≈†#.#
#...#'#.≈ww.#.#
#...#.#)≈X≈.#.#
#####.#.....#.#
#.#######.#
#...@h....#
###.#h..###
.....###
####.#.. .#.##
.#.# ## #


You could see 2 jackals, a neutral kraken and 2 neutral tentacles.

Vanquished Creatures
  A jackal (D:1)
1 creature vanquished.

Vanquished Creatures (others)
  A ghoul (D:1)
  2 minotaurs (D:1)
  A gargoyle (D:1)
  An elf (D:1)
  A troll (D:1)
  3 spriggans (D:1)
  A naga (D:1)
  A centaur (D:1)
  2 orcs (D:1)
  2 kobolds (D:1)
  5 tentacles (D:1)
  52 tentacle segments (D:1)
72 creatures vanquished.

Grand Total: 73 creatures vanquished

Notes
Turn   | Place    | Note
--------------------------------------------------------------
     0 | D:1      | Magnus, the Gargoyle Fighter, began the quest for the Orb.
     0 | D:1      | Reached XP level 1. HP: 14/14 MP: 1/1
     2 | D:1      | Noticed a spriggan
     2 | D:1      | Noticed a ghoul
     2 | D:1      | Noticed a troll
     2 | D:1      | Noticed a minotaur
     2 | D:1      | Noticed a centaur
     2 | D:1      | Noticed a kraken
     2 | D:1      | Noticed a gargoyle
     2 | D:1      | Noticed a minotaur
     2 | D:1      | Noticed a spriggan
     2 | D:1      | Noticed a spriggan
     2 | D:1      | Noticed an elf
     2 | D:1      | Noticed a naga
     3 | D:1      | Killed a centaur
     4 | D:1      | Killed a spriggan
     6 | D:1      | Killed a gargoyle
     8 | D:1      | Killed a troll
     8 | D:1      | Killed a minotaur
    10 | D:1      | Killed a spriggan
    11 | D:1      | Killed a minotaur
    15 | D:1      | Killed a ghoul
    15 | D:1      | Killed a spriggan
    15 | D:1      | Killed an elf
    17 | D:1      | Killed a naga
    94 | D:1      | Slain by a jackal

Action                   || total
-------------------------++-------
Melee: War axe           ||     2
